 Dungeon Sprint DCSS version 0.26-a0-1164-g1a551d6a14 (webtiles) character file.

Game seed: 8147067668124164650

33695 mhtbhm the Executioner (level 13, -2/150 HPs)
             Began as a Minotaur Fighter on Dec 23, 2020.
             Was the Champion of Okawaru.
             Slain by a sphinx (9 damage)
             ... in the Dungeon (Sprint III: "The Ten Rune Challenge").
             The game lasted 00:12:03 (5852 turns).

mhtbhm the Executioner (Minotaur Fighter)           Turns: 5852, Time: 00:12:04

Health: -2/150     AC: 23    Str: 33      XL:     13   Next: 38%
Magic:  10/10      EV: 13    Int:  8 (9)  God:    Okawaru [******]
Gold:   734        SH:  0    Dex: 11      Spells: 12/12 levels left

rFire    + . .     SeeInvis .   a - +2 broad axe (holy)
rCold    . . .     Faith    .   c - +0 kite shield
rNeg     . . .     Spirit   .   b - +3 plate armour {rF+}
rPois    .         Reflect  +   (helmet unavailable)
rElec    .         Harm     .   i - +0 cloak
rCorr    .         Rampage  .   d - +0 pair of gloves
Will     .....     NoTele   +   (no boots)
Stlth    ..........             t - amulet of reflection
HPRegen  0.35/turn              u - ring "Plog" {Str+6 Int+4}
MPRegen  0.12/turn              (no ring)

@: confused, flying, slowed, very slow
A: retaliatory headbutt, horns 3, low mp 1, robust 1, strong 1
a: Renounce Religion, Heroism, Finesse


You were in the Dungeon.
You worshipped Okawaru.
Okawaru was exalted by your worship.
You visited 1 branch You collected 2184 gold pieces.
You spent 1450 gold pieces at shops.

Inventory:

Hand Weapons
 a - a +2 broad axe of holy wrath (weapon)
 w - a +2 war axe of flaming
Missiles
 s - 9 curare-tipped darts (quivered)
Armour
 b - a +3 plate armour of fire resistance (worn)
 c - a +0 kite shield (worn)
 d - a +0 pair of gloves (worn)
 i - a +0 cloak (worn)
Jewellery
 t - an amulet of reflection (around neck)
 u - the ring "Plog" (left hand) {Str+6 Int+4}
   (You bought it in a shop in the Dungeon)

   [ring of strength]

   It affects your strength (+6).
   It affects your intelligence (+4).
Wands
 f - a wand of polymorph (9)
 v - a wand of disintegration (11)
Scrolls
 j - 3 scrolls of blinking
 l - 2 scrolls of torment {unknown}
 m - 2 scrolls of identify
 n - a scroll of fear {unknown}
 o - a scroll of enchant weapon {unknown}
 p - a scroll of remove curse {unknown}
Potions
 g - a potion of haste
 h - 2 potions of magic
 k - 2 potions of mutation
 q - a potion of flight
Miscellaneous
 r - a condenser vane


   Skills:
 + Level 19.1 Fighting
 + Level 21.6 Axes
 - Level 0.4 Throwing
 + Level 16.4 Armour
 + Level 10.6 Dodging
 - Level 3.5 Stealth
 + Level 20.9 Shields
 + Level 2.9 Evocations


You had 12 spell levels left.
You didn't know any spells.
Your spell library contained the following spells:

 Spells                   Type           Power        Failure   Level
 Magic Dart               Conj           0%           88%         1
 Blink                    Tloc           N/A          96%         2
 Call Imp                 Summ           0%           96%         2
 Slow                     Hex            0%           96%         2
 Confusing Touch          Hex            0%           99%         3
 Conjure Flame            Conj/Fire      0%           99%         3
 Gell's Gravitas          Tloc           0%           99%         3
 Mephitic Cloud           Conj/Pois/Air  0%           99%         3
 Petrify                  Tmut/Erth      0%           100%        4
 Metabolic Englaciation   Hex/Ice        0%           100%        5
 Yara's Violent Unravell  Hex/Tmut       0%           100%        5


Dungeon Overview and Level Annotations

Branches:
Dungeon (1/1)

Altars:
Cheibriados
Dithmenos
Elyvilon
Fedhas
Gozag
Hepliaklqana
Kikubaaqudgha
Makhleb
Nemelex Xobeh
Okawaru
Qazlal
Ru
Sif Muna
Trog
Uskayaw
Vehumet
Wu Jian
Xom
Yredelemnul
Zin
The Shining One
Beogh
Jiyva
Lugonu

Shops:
D ==}:??(!}[[(


Innate Abilities, Weirdness & Mutations

You reflexively headbutt those who attack you in melee.
You have a pair of large horns on your head.
Your magical capacity is low. (-10% MP)
You are robust. (+10% HP)
Your muscles are strong. (Str +2)


Message History

You slice the sphinx!! The sphinx barely misses you.
The sphinx completely misses you. The sphinx hits you but does no damage.
The sphinx closely misses you. The sphinx barely misses you.
The sphinx hits you but does no damage.
Unknown command.
You slash the sphinx! Your headbutt misses the sphinx.
The sphinx is moderately wounded.
You hit the sphinx. The sphinx hits you.
* * * LOW HITPOINT WARNING * * *
The sphinx misses you. The sphinx hits you.
* * * LOW HITPOINT WARNING * * *
The sphinx hits you but does no damage. The sphinx barely misses you.
The sphinx hits you but does no damage.
It was a potion of flight.
You feel very buoyant.
You fly up into the air.
The sphinx hits you but does no damage. The sphinx misses you.
The sphinx hits you but does no damage.
The sphinx mumbles some strange words.
The sphinx is healed somewhat.
The sphinx hits you!
You die...

#§§...§.###''###..#..#.#..#...^^.
........#.♣..♣.#)....###########'
#######.#......#################.
#........#.....'....#..#≈≈.
...............#)######...#^)#≈≈.
...............#)).'.^##.)#..'...
#+##############)..#...##['^.#≈≈.
#####..^.###..#≈≈.
#@H^.^....(#..#≈≈.
▓H▓▓▓▓▓▓▓▓▓▓▓▓▓▓▓▓ ▓MM# ▓..# ▓^.#
▓^.# ▓.^# ▓..# ▓..#


You could see 2 sphinxes and 2 guardian mummies.

Vanquished Creatures
  A lich (D)
  Harold (D)
  A fire dragon (D)
  Erolcha (D)
  A yaktaur captain (D)
  2 hydras (D)
  A two-headed ogre (shapeshifter) (D)
  A centaur warrior (D)
  4 dancing weapons (D)
  A death yak (D)
  Urug (D)
  4 orc high priests (D)
  An iron golem (D)
  4 hell knights (D)
  3 deep elf knights (D)
  A skeletal warrior (D)
  A spriggan druid (D)
  An obsidian statue (D)
  2 death drakes (D)
  A lindwurm (D)
  A spectral hydra (D)
  Joseph (D)
  An orc knight (D)
  An orc sorcerer (D)
  3 deep elf magi (D)
  An ugly thing (D)
  2 cane toads (D)
  A rime drake (D)
  A komodo dragon (D)
  A guardian mummy (D)
  A troll (shapeshifter) (D)
  A queen bee (D)
  4 spriggan defenders (D)
  2 tyrant leeches (D)
  5 blink frogs (D)
  3 wandering mushrooms (D)
  5 redbacks (D)
  2 spriggans (D)
  A shadow (D)
  A spatial vortex (D)
  A swamp drake (D)
  2 orc warriors (D)
  A necrophage (D)
  4 swamp dragon skeletons (D)
  5 two-headed ogres (D)
  A water elemental (D)
  32 killer bees (D)
  An electric eel (D)
  A wizard (D)
  4 orc priests (D)
  A jelly (D)
  An orc wizard (D)
  Crazy Yiuf (D)
  2 necromancers (D)
  A kobold demonologist (D)
  3 humans (D)
  An adder (D)
  9 orcs (D)
  4 rats (D)
  A plant (D)
147 creatures vanquished.

Vanquished Creatures (others)
  A hydra (D)
  A bush (D)
  13 plants (D)
15 creatures vanquished.

Grand Total: 162 creatures vanquished

Notes
Turn   | Place    | Note
-------+----------+-------------------------------------------
     0 | D        | mhtbhm the Minotaur Fighter began the quest for the Orb.
     0 | D        | Reached XP level 1. HP: 19/19 MP: 0/0
    50 | D        | Noticed Crazy Yiuf
    58 | D        | Killed Crazy Yiuf
    59 | D        | Reached skill level 5 in Fighting
    59 | D        | Reached skill level 3 in Axes
    59 | D        | Reached skill level 5 in Armour
    59 | D        | Reached skill level 5 in Shields
    59 | D        | Reached XP level 2. HP: 29/29 MP: 1/1
    59 | D        | Reached XP level 3. HP: 36/36 MP: 2/2
   154 | D        | Gained mutation: You are clumsy. (Dex -2) [potion of
                  | mutation]
   154 | D        | Lost mutation: You are clumsy. (Dex -2) [potion of
                  | mutation]
   154 | D        | Gained mutation: You are covered in fur. (AC +1) [potion of
                  | mutation]
   156 | D        | Lost mutation: You are covered in fur. (AC +1) [potion of
                  | mutation]
   156 | D        | Gained mutation: Your magical capacity is low. (-10% MP)
                  | [potion of mutation]
   156 | D        | Gained mutation: You have a pair of large horns on your
                  | head. [potion of mutation]
   156 | D        | Gained mutation: Your muscles are strong. (Str +2) [potion
                  | of mutation]
   156 | D        | Gained mutation: You are robust. (+10% HP) [potion of
                  | mutation]
   158 | D        | Noticed a water elemental
   164 | D        | HP: 2/40 [water elemental (18)]
   171 | D        | Killed a water elemental
   172 | D        | Reached skill level 4 in Axes
   172 | D        | Reached skill level 1 in Dodging
   172 | D        | Reached XP level 4. HP: 16/49 MP: 2/2
   384 | D        | Found a hide-covered altar of Uskayaw.
   384 | D        | Found a roughly hewn altar of Beogh.
   384 | D        | Found an iron altar of Okawaru.
   384 | D        | Found a bloodstained altar of Trog.
   384 | D        | Found an ornate altar of the Wu Jian Council.
   384 | D        | Noticed a human
   394 | D        | Killed a human
   395 | D        | Reached skill level 6 in Axes
   395 | D        | Reached XP level 5. HP: 53/58 MP: 3/3
   423 | D        | Noticed a human
   432 | D        | Killed a human
   433 | D        | Reached skill level 7 in Axes
   433 | D        | Reached XP level 6. HP: 47/69 MP: 4/4
   443 | D        | Became a worshipper of Warmaster Okawaru
   534 | D        | Found a basalt altar of Yredelemnul.
   534 | D        | Found a shadowy altar of Dithmenos.
   534 | D        | Found a sacrificial altar of Ru.
   579 | D        | Found a radiant altar of Vehumet.
   579 | D        | Found a shimmering blue altar of Sif Muna.
   579 | D        | Found an ancient bone altar of Kikubaaqudgha.
   585 | D        | Reached skill level 8 in Axes
   585 | D        | Reached XP level 7. HP: 78/78 MP: 5/5
   605 | D        | Found a glowing silver altar of Zin.
   605 | D        | Found a glowing golden altar of the Shining One.
   605 | D        | Found a white marble altar of Elyvilon.
   606 | D        | Noticed a deep elf mage
   613 | D        | Killed a deep elf mage
   613 | D        | Reached * piety under Okawaru
   614 | D        | Reached skill level 10 in Fighting
   614 | D        | Reached skill level 9 in Axes
   614 | D        | Reached skill level 10 in Armour
   614 | D        | Reached skill level 10 in Shields
   754 | D        | Noticed a shadow
   757 | D        | Killed a shadow
   757 | D        | Reached ** piety under Okawaru
   758 | D        | Reached skill level 10 in Axes
   758 | D        | Reached XP level 8. HP: 59/90 MP: 6/6
   879 | D        | Found a blossoming altar of Fedhas.
   879 | D        | Found a stormy altar of Qazlal.
   879 | D        | Found a snail-covered altar of Cheibriados.
   879 | D        | Found a burning altar of Makhleb.
   879 | D        | Found a shimmering altar of Xom.
   880 | D        | Found a hazy altar of Hepliaklqana.
   880 | D        | Found an opulent altar of Gozag.
   880 | D        | Found a sparkling altar of Nemelex Xobeh.
   880 | D        | Found a corrupted altar of Lugonu.
   880 | D        | Found a viscous altar of Jiyva.
   955 | D        | Reached skill level 11 in Axes
  1022 | D        | Noticed a two-headed ogre
  1031 | D        | Killed a two-headed ogre
  1031 | D        | Reached *** piety under Okawaru
  1074 | D        | Noticed a two-headed ogre
  1074 | D        | Noticed Erolcha
  1082 | D        | Killed Erolcha
  1082 | D        | Reached **** piety under Okawaru
  1083 | D        | Reached skill level 13 in Axes
  1083 | D        | Reached skill level 5 in Dodging
  1083 | D        | Reached skill level 1 in Stealth
  1083 | D        | Reached XP level 9. HP: 82/100 MP: 7/7
  1084 | D        | Killed a two-headed ogre
  1085 | D        | Reached skill level 14 in Axes
  1171 | D        | Noticed a wandering mushroom
  1175 | D        | Noticed a wandering mushroom
  1177 | D        | Noticed a wandering mushroom
  1198 | D        | Killed a wandering mushroom
  1198 | D        | Reached ***** piety under Okawaru
  1199 | D        | Reached skill level 15 in Axes
  1295 | D        | Noticed an orc sorcerer
  1295 | D        | Noticed an orc knight
  1305 | D        | Noticed an orc high priest
  1308 | D        | Killed an orc knight
  1308 | D        | Received a gift from Okawaru
  1309 | D        | Reached XP level 10. HP: 74/111 MP: 8/8
  1315 | D        | Killed an orc sorcerer
  1316 | D        | Reached skill level 16 in Axes
  1318 | D        | Killed an orc high priest
  1342 | D        | Found Numoeh's Jewellery Shoppe.
  1446 | D        | Noticed a deep elf knight
  1446 | D        | Noticed a deep elf knight
  1446 | D        | Noticed a deep elf knight
  1446 | D        | Noticed a deep elf mage
  1446 | D        | Noticed a deep elf mage
  1458 | D        | Killed a deep elf mage
  1459 | D        | Reached skill level 17 in Axes
  1463 | D        | Killed a deep elf knight
  1463 | D        | Received a gift from Okawaru
  1468 | D        | Killed a deep elf knight
  1473 | D        | Killed a deep elf knight
  1474 | D        | Reached skill level 18 in Axes
  1474 | D        | Reached skill level 1 in Evocations
  1476 | D        | Killed a deep elf mage
  1477 | D        | Reached XP level 11. HP: 53/122 MP: 8/8
  1728 | D        | Reached skill level 15 in Fighting
  1730 | D        | Received a gift from Okawaru
  1786 | D        | Reached skill level 15 in Shields
  2020 | D        | Noticed Harold
  2020 | D        | Noticed Joseph
  2031 | D        | Killed Harold
  2032 | D        | Reached skill level 19 in Axes
  2041 | D        | Killed Joseph
  2384 | D        | Reached ****** piety under Okawaru
  2544 | D        | Received a gift from Okawaru
  2550 | D        | Noticed a lindwurm
  2564 | D        | Killed a lindwurm
  2810 | D        | Noticed Urug
  2819 | D        | Killed Urug
  2977 | D        | Noticed a sun demon
  2982 | D        | Reached XP level 12. HP: 122/136 MP: 9/9
  3140 | D        | Noticed a four-headed hydra
  3140 | D        | Noticed a five-headed hydra
  3156 | D        | Killed a one-headed hydra
  3162 | D        | Killed a one-headed hydra
  3830 | D        | Found a blossoming altar of Fedhas.
  3842 | D        | Reached skill level 20 in Axes
  4294 | D        | Killed a seven-headed hydra
  4544 | D        | Noticed a yaktaur captain
  4574 | D        | Noticed a death yak
  4587 | D        | Killed a death yak
  4591 | D        | Found Reoxudghu's Gadget Shop.
  4591 | D        | Found Jickec's Antique Weapon Shoppe.
  4591 | D        | Found Kosabb's Weapon Emporium.
  4591 | D        | Found Cerumnig's Magic Scroll Boutique.
  4591 | D        | Found Koecle's Distillery.
  4591 | D        | Found Vodgh's Antique Armour Shop.
  4591 | D        | Found Jifo's Magic Scroll Boutique.
  4591 | D        | Found Batibliz's Book Shoppe.
  4591 | D        | Found Xiongi Ycuist's Antique Armour Emporium.
  4591 | D        | Found Lotwyasi's Gadget Shop.
  4591 | D        | Found Evuxo's Jewellery Emporium.
  4632 | D        | Bought a scorched scale mail for 207 gold pieces
  4637 | D        | Identified the +6 scale mail of Absolutism {rF+} (You
                  | bought it in a shop in the Dungeon)
  4645 | D        | Bought a scroll of identify for 24 gold pieces
  4649 | D        | Bought a scroll of blinking for 90 gold pieces
  4649 | D        | Bought a scroll of blinking for 90 gold pieces
  4656 | D        | Bought an uncursed amulet of reflection for 300 gold pieces
  4656 | D        | Bought the ring "Plog" {Str+6 Int+4} for 739 gold pieces
  4691 | D        | Received a gift from Okawaru
  4805 | D        | Reached skill level 10 in Dodging
  4879 | D        | Noticed a fire dragon
  4882 | D        | Killed a fire dragon
  4887 | D        | Noticed a centaur warrior
  4895 | D        | Killed a centaur warrior
  4896 | D        | Reached skill level 15 in Armour
  5073 | D        | Noticed a yaktaur captain
  5109 | D        | Killed a yaktaur captain
  5110 | D        | Reached XP level 13. HP: 110/148 MP: 10/10
  5118 | D        | Reached skill level 21 in Axes
  5520 | D        | Received a gift from Okawaru
  5531 | D        | Got an opal-encrusted ring mail {god gift}
  5537 | D        | Identified the +1 ring mail of Resilience {rF+ Str+3
                  | Slay+3} (Okawaru gifted it to you in the Dungeon)
  5795 | D        | Noticed a lich
  5806 | D        | Killed a lich
  5828 | D        | Noticed a sphinx
  5828 | D        | Noticed a sphinx
  5833 | D        | Paralysed by a sphinx for 6 turns
  5841 | D        | Paralysed by a sphinx for 7 turns
  5851 | D        | HP: 7/150 [sphinx (3)]
  5852 | D        | Slain by a sphinx

Illustrated notes

Levels and vault maps discovered:
D:        dungeon_sprint_mu [sprint_mu_entry_cave, sprint_mu_temple_rooms,
          sprint_mu_d1_spiders, sprint_mu_d2_genie, sprint_mu_d3_branching,
          sprint_mu_orc_legion, sprint_mu_elf_gauntlet, sprint_mu_hive_nellie,
          sprint_mu_lair_fedhas, sprint_mu_vaults_butterflies,
          sprint_mu_slime_circle, sprint_mu_swamp_cave, sprint_mu_snake_twists,
          sprint_mu_blade_basic, sprint_mu_crypt_fortress,
          sprint_mu_tomb_spiral, sprint_mu_vestibule_basic,
          sprint_mu_gehenna_hellfire, sprint_mu_dis_giant,
          sprint_mu_tartarus_statrot, sprint_mu_cocytus_islands, sprint_mu_zot1]

Skill      XL: |  1  2  3  4  5  6  7  8  9 10 11 12 13 |
---------------+----------------------------------------+-----
Fighting       | 5 6 8 9 11 12 13 14 16 18 19 | 19.1
Armour         | 5 6 8 9 11 12 13 15 16 | 16.4
Shields        | 5 7 8 9 11 12 13 14 17 19 20 | 20.9
Axes           | 3 4 6 7 8 10 13 15 18 19 20 21 | 21.6
Dodging        | 1 2 3 4 5 6 9 10 | 10.6
Stealth        | 1 3 |  3.5
Evocations     | 1 2 |  2.9
Throwing       | |  0.4

Action                   |  1- 3 |  4- 6 |  7- 9 | 10-12 | 13-15 || total
-------------------------+-------+-------+-------+-------+-------++-------
Melee: War axe           |    27 |    29 |    73 |   332 |     8 ||   469
       Headbutt          |     5 |     6 |    23 |    67 |    19 ||   120
       Broad axe         |       |       |       |       |    40 ||    40
Throw: Dart              |       |       |       |     1 |       ||     1
Evoke: Condenser vane    |       |       |     1 |     4 |       ||     5
  Use: Potion            |     5 |       |     2 |       |     3 ||    10
 Stab: Confused          |       |       |       |     3 |       ||     3
Armor: Scale mail        |     3 |     9 |     6 |    36 |       ||    54
       Plate armour      |       |       |       |    10 |    64 ||    74
Dodge: Dodged            |    12 |     1 |    22 |    87 |    19 ||   141
Block: Kite shield       |    11 |    12 |    32 |   198 |    33 ||   286
       Reflection        |       |       |       |       |     1 ||     1

Table legend: (Time is in decaauts)
 A = Elapsed time spent in this place.
 B = Non-inter-level travel time spent in this place.
 C = Inter-level travel time spent in this place.
 D = Time resting spent in this place.
 E = Time spent auto-exploring this place.
 F = Levels seen in this place.
 G = Mean time per level.
                   A        B        C        D        E       F      G
               +--------+--------+--------+--------+--------+-----+--------+
         Total |   5806 |   5739 |     67 |   3942 |     32 |   1 | 5806.0 |
       Dungeon |   5806 |   5739 |     67 |   3942 |     32 |   1 | 5806.0 |
               +--------+--------+--------+--------+--------+-----+--------+

Top non-repeatable levels by time:
       D: 5806 daAuts
